 Dungeon Crawl Stone Soup version 0.30-b1-2-g02819fbbbe (webtiles) character file.

Game seed: 17039479742827168087

59147 Dicemaster the Thaumaturge (level 14, -2/59 HPs)
             Began as a Spriggan Venom Mage on July 9, 2023.
             Was a High Priest of Vehumet.
             Killed from afar by a shock serpent (11 damage)
             ... with an electric aura
             ... on level 1 of the Snake Pit on July 19, 2023.
             The game lasted 05:58:37 (29355 turns).

Dicemaster the Thaumaturge (Spriggan Venom Mage)   Turns: 29355, Time: 05:58:37

Health: -2/59      AC:  7    Str:  4    XL:     14   Next: 52%
Magic:  28/31      EV: 24    Int: 24    God:    Vehumet [*****.]
Gold:   1619       SH:  5    Dex: 17    Spells: 8/38 levels left

rFire   . . .        G - +8 sling "Kesex" {drain, Int+4}
rCold   . . .        (no shield)
rNeg    . . .        N - +1 steam dragon scales
rPois   .            q - +0 hat
rElec   .            L - +0 cloak
rCorr   .            (gloves unavailable)
SInv    +            (boots unavailable)
Will    +++..        S - amulet of reflection
Stlth   +++++        t - ring of flight
HPRegen 0.29/turn    x - ring of willpower
MPRegen 0.22/turn

%: reflection
@: flying, very quick
A: very small, no large weapons, unfitting armour, see invisible, speed 3
a: Renounce Religion


You were on level 1 of the Snake Pit.
You worshipped Vehumet.
Vehumet was extremely pleased with you.
You visited 5 branches of the dungeon, and saw 21 of its levels.

You collected 2013 gold pieces.
You spent 394 gold pieces at shops.

Inventory:

Hand Weapons
 h - the +6 broad axe of Gluttony {heavy, Fly Int+3}
   (You found it on level 3 of the Lair of Beasts)

   Int:       It affects your intelligence (+3).
   Fly:       It grants you flight.
 B - a +3 falchion of freezing
 C - a +1 sling of freezing
 G - the +8 sling "Kesex" (weapon) {drain, Int+4}
   (You found it on level 5 of the Dungeon)

   Int:       It affects your intelligence (+4).
 W - the +9 staff of Olgreb {rPois∞}
   (You found it on level 10 of the Dungeon)

   It enhances your poison magic.
   It grants immunity to poison.
   It can be activated via the 'a'bility menu to radiate toxic energy, with
   effectiveness depending on Evocations skill.
Missiles
 z - 26 poisoned darts
 I - 14 boomerangs
 M - 6 curare-tipped darts
 P - 2 throwing nets
Armour
 f - a +3 troll leather armour {Snorg}
 q - a +0 hat (worn)
 s - an orb of mayhem
 E - +0 acid dragon scales
 L - a +0 cloak (worn)
 N - +1 steam dragon scales (worn)
Jewellery
 j - a ring of ice
 m - a ring of fire
 p - an amulet of magic regeneration
 t - a ring of flight (left hand)
 x - a ring of willpower (right hand)
 D - the amulet "Reel" {Spirit rElec rF- rC+}
   (You acquired it on level 11 of the Dungeon)

   [amulet of guardian spirit]

   It causes incoming damage to be divided between your reserves of health and
   magic.
   rF:        It makes you vulnerable to fire.
   rC:        It protects you from cold.
   rElec:     It insulates you from electricity.
 Q - a ring of positive energy
 S - an amulet of reflection (around neck)
Wands
 a - a wand of polymorph (9)
 u - a wand of acid (14)
 v - a wand of paralysis (8)
 y - a wand of roots (28)
 J - a wand of flame (22)
 O - a wand of mindburst (10)
 Z - a wand of digging (7)
Scrolls
 i - 3 scrolls of poison
 n - a scroll of magic mapping
 o - 4 scrolls of vulnerability
 K - 6 scrolls of teleportation
 V - a scroll of silence
 X - a scroll of blinking
 Y - a scroll of fear
Potions
 b - 5 potions of magic
 c - 3 potions of curing
 e - 7 potions of might
 g - 3 potions of cancellation
 w - 5 potions of ambrosia
 A - 5 potions of haste
 F - 3 potions of brilliance
 H - a potion of attraction
 R - 3 potions of heal wounds
 U - 2 potions of resistance
Miscellaneous
 T - a phial of floods


   Skills:
 + Level 1.6 Axes
 - Level 1.2 Staves
 + Level 7.1 Ranged Weapons
 + Level 10.5 Dodging
 + Level 11.9 Stealth
 * Level 12.8 Spellcasting
 * Level 7.9 Conjurations
 + Level 4.4 Hexes
 * Level 4.4 Necromancy
 + Level 2.2 Translocations
 - Level 4.0 Transmutations
 + Level 8.1 Air Magic
 * Level 6.9 Earth Magic
 + Level 10.7 Poison Magic
 - Level 3.0 Evocations


You had 8 spell levels left.
You knew the following spells:

 Your Spells              Type           Power      Damage    Failure   Level
a - Sting                 Tmut/Pois      100%       1d8       1%          1
b - Poisonous Vapours     Pois/Air       100%       N/A       1%          2
c - Mephitic Cloud        Conj/Pois/Air  55%        N/A       1%          3
d - Olgreb's Toxic Radia  Pois           61%        N/A       1%          4
e - Iskenderun's Battles  Conj           52%        2d10      1%          5
f - Iron Shot             Conj/Erth      25%        9d5       8%          6
g - Anguish               Hex/Necr       18%        N/A       6%          4
h - Hailstorm             Conj/Ice       34%        3d9       1%          3
i - Blink                 Tloc           52%        N/A       2%          2

Your spell library contained the following spells:

 Spells                   Type           Power      Damage    Failure   Level
 Sticky Flame             Conj/Fire      34%        2d5       2%          4
 Beastly Appendage        Tmut           68%        N/A       1%          1
 Momentum Strike          Conj/Tloc      78%        3d10      1%          2
 Scorch                   Fire           30%        2d6       1%          2
 Wereblood                Tmut           34%        N/A       1%          2
 Spider Form              Tmut/Pois      50%        N/A       1%          3
 Lesser Beckoning         Tloc           52%        N/A       2%          2
 Flame Wave               Conj/Fire      34%        2d10      2%          4
 Freezing Cloud           Conj/Ice/Air   20%        6-21      3%          5
 Gell's Gravitas          Tloc           26%        N/A       4%          3
 Teleport Other           Tloc           26%        N/A       4%          3
 Cause Fear               Hex            18%        N/A       6%          4
 Manifold Assault         Tloc           26%        N/A       16%         4
 Spellforged Servitor     Conj/Summ      17%        N/A       82%         7
 Dispersal                Tloc           13%        N/A       94%         6
 Summon Cactus Giant      Summ           7%         N/A       99%         6
 Enfeeble                 Hex            18%        N/A       99%         7
 Disjunction              Tloc           13%        N/A       100%        8


Dungeon Overview and Level Annotations

Branches:
Dungeon (12/15)            Temple (1/1) D:5            Lair (5/5) D:10
  Swamp (0/4) Lair:3        Snake (1/4) Lair:2        Slime (0/5) Lair:5
    Orc (2/2) D:9             Elf (0/3) Orc:2

Altars:
Ashenzari
Cheibriados
Dithmenos
Elyvilon
Fedhas
Gozag
Hepliaklqana
Kikubaaqudgha
Makhleb
Nemelex Xobeh
Okawaru
Qazlal
Ru
Sif Muna
Trog
Uskayaw
Vehumet
Wu Jian
Xom
Yredelemnul
Zin
The Shining One

Shops:
D:5 :   Orc:1 *   Orc:2 ?(*(

Portals:
Trove: D:10 (give +3 gold dragon scales)

Annotations:
Lair:5 3 runed translucent doors, Vorhees's ghost, journeyman DgCj; metricduck's ghost, journeyman MiBe


Innate Abilities, Weirdness & Mutations

You are very small and have problems with some larger weapons.
You are too small for most types of armour.
You have supernaturally acute eyesight. (SInv)
You cover ground extremely quickly. (Speed+++)


Message History

Press: ? - help, Dir - move target, f/p - shock serpent
Aim: a shock serpent (lightly wounded, very poisoned) Poisonous vapours surround the shock serpent!
The shock serpent looks as sick as possible!
Fire: G) +8 sling "Kesex" {drain, Int+4}
Press: ? - help, Q - select action, (/) - cycle Shift-Dir - straight line, f/p - shock serpent
Aim: a shock serpent (moderately wounded, extremely poisoned, 55% to hit)
You shoot a sling bullet.
The sling bullet barely misses the shock serpent.
Casting: Poisonous Vapours (safe; 1% risk of failure)
Confirm with . or Enter, or press ? or * to list all spells.
Aiming: Poisonous Vapours (safe; 1% risk of failure)
Press: ? - help, Dir - move target, f/p - shock serpent
Aim: a shock serpent (moderately wounded, very poisoned) Poisonous vapours surround the shock serpent!
The shock serpent looks as sick as possible!
Fire: G) +8 sling "Kesex" {drain, Int+4}
Press: ? - help, Q - select action, (/) - cycle Shift-Dir - straight line, f/p - shock serpent
Aim: a shock serpent (moderately wounded, extremely poisoned, 55% to hit)
You shoot a sling bullet.
The sling bullet hits the shock serpent!
You drain the shock serpent.
The shock serpent is heavily wounded.
Fire: G) +8 sling "Kesex" {drain, Int+4}
Press: ? - help, Q - select action, (/) - cycle Shift-Dir - straight line, f/p - shock serpent
Aim: a shock serpent (severely wounded, extremely poisoned, lightly drained, 55% to hit)
You shoot a sling bullet.
The sling bullet closely misses the shock serpent.
The shock serpent shoots out a bolt of lightning at you!
The bolt of electricity hits you!! x2
* * * LOW HITPOINT WARNING * * *
You see here a scroll of noise.
Fire: G) +8 sling "Kesex" {drain, Int+4}
Press: ? - help, Q - select action, (/) - cycle Shift-Dir - straight line, f/p - shock serpent
Aim: a shock serpent (almost dead, very poisoned, lightly drained, 55% to hit)
You shoot a sling bullet.
The sling bullet hits the shock serpent!
The shock serpent is almost dead.
The shock serpent's electric aura discharges, shocking you!
You die...

###........##.##.#
#...........##.#
###.#.#.##.....#
#$#.#........#
#.#.#<#......#
..#.#........#
###.#..S.....#
#.#.#.)....#
#.#.@.........
#####.....##
###..># ....#
....# ...#


You could see a shock serpent (very poisoned, drained).

Vanquished Creatures
  Snorg (D:9)
  3 hydras
  Erolcha (D:9)
  Fannar (D:10)
  A boulder beetle (Lair:4)
  A catoblepas (Lair:5)
  2 two-headed ogres
  5 death yaks (Lair:5)
  A centaur warrior (Orc:2)
  A deep troll shaman (Lair:5)
  Nergalle (D:9)
  5 bog bodies (Lair:3)
  2 lindwurms
  3 orc knights
  A wolf spider (D:10)
  2 orc sorcerers (Orc:1)
  6 black mambas
  2 manticores
  6 elephants
  10 cane toads
  An unseen horror (D:9)
  A torpor snail (Lair:2)
  8 komodo dragons
  A kobold demonologist (D:10)
  3 rime drakes
  A polar bear (Lair:5)
  7 trolls
  8 hornets
  20 blink frogs
  A shadow (D:6)
  A wraith (D:11)
  37 yaks
  6 wyverns
  Eustachio (D:4)
  4 basilisks
  5 redbacks (D:10)
  3 steam dragons
  A swamp worm (Lair:3)
  2 acid dragons
  3 nagas
  16 water moccasins
  3 wargs
  2 sky beasts
  4 black bears
  33 orc warriors
  An ice beast (D:6)
  24 wolves
  8 ogres
  15 centaurs
  2 kobold brigands
  11 bullfrogs
  3 scorpions
  6 wights (D:9)
  26 killer bees
  An electric eel (Lair:3)
  9 howler monkeys
  A lava snake (D:10)
  A hound (D:7)
  A gnoll bouda (Lair:1)
  13 orc priests
  A sleepcap (D:5)
  Terence (D:3)
  A boggart zombie (D:12)
  4 iguanas
  18 orc wizards
  Robin (D:3)
  11 gnolls
  8 adders
  A white imp (D:8)
  An ufetubus (D:5)
  A dart slug (D:5)
  59 orcs
  7 bats
  10 endoplasms
  A giant cockroach (D:4)
  16 goblins
  7 hobgoblins
  7 jackals
  A quokka (D:3)
  3 ball pythons
  A frilled lizard (D:1)
  17 kobolds
  2 rats
528 creatures vanquished.

Vanquished Creatures (collateral kills)
  2 komodo dragons
  A blink frog (Lair:4)
  3 yaks
  2 redbacks (D:10)
  A water moccasin (D:10)
  An orc warrior (Orc:2)
  A wolf (Lair:3)
  An ogre (Orc:2)
  A centaur (Orc:2)
  4 orc priests
  An iguana (D:7)
  An orc wizard (D:9)
  6 orcs (Orc:2)
  2 kobolds
27 creatures vanquished.

Vanquished Creatures (others)
  A water moccasin (D:10)
  An orc warrior (Orc:2)
  A kobold brigand (D:7)
  A wight (D:9)
  A shadow imp (D:7)
  2 orcs
  A kobold (D:6)
  21 fungi
  28 plants
  2 withered plants
59 creatures vanquished.

Grand Total: 614 creatures vanquished

Notes
Turn   | Place    | Note
-------+----------+-------------------------------------------
     0 | D:1      | Dicemaster the Spriggan Venom Mage began the quest for the
                  | Orb.
     0 | D:1      | Reached XP level 1. HP: 9/9 MP: 5/5
   331 | D:1      | Reached XP level 2. HP: 13/13 MP: 1/6
   390 | D:1      | Learned a level 2 spell: Poisonous Vapours
   716 | D:1      | Reached skill level 3 in Spellcasting
  1055 | D:2      | Reached XP level 3. HP: 16/16 MP: 0/8
  1563 | D:2      | Reached XP level 4. HP: 21/21 MP: 2/10
  2364 | D:2      | Learned a level 3 spell: Mephitic Cloud
  2555 | D:3      | Noticed Robin
  2629 | D:3      | Killed Robin
  2799 | D:3      | Found an iron altar of Okawaru.
  2799 | D:3      | Found a hide-covered altar of Uskayaw.
  3355 | D:3      | Noticed Terence
  3399 | D:3      | Killed Terence
  3400 | D:3      | Reached XP level 5. HP: 8/24 MP: 9/11
  3593 | D:4      | Learned a level 4 spell: Olgreb's Toxic Radiance
  3640 | D:4      | Noticed Eustachio
  3776 | D:4      | Killed Eustachio
  3777 | D:4      | Reached skill level 4 in Spellcasting
  3777 | D:4      | Reached skill level 1 in Air Magic
  3777 | D:4      | Reached XP level 6. HP: 28/28 MP: 0/13
  4541 | D:5      | Entered Level 5 of the Dungeon
  4785 | D:5      | Found Azoatav's Book Emporium.
  5002 | D:5      | Found a staircase to the Ecumenical Temple.
  5054 | Temple   | Entered the Ecumenical Temple
  5334 | D:5      | Reached skill level 1 in Conjurations
  5371 | D:5      | Identified the +8 sling "Kesex" {drain, Int+4}
  5698 | D:6      | Noticed a shadow
  5716 | D:6      | Killed a shadow
  5717 | D:6      | Reached skill level 5 in Spellcasting
  5717 | D:6      | Reached XP level 7. HP: 29/32 MP: 15/15
  5854 | D:6      | Reached skill level 5 in Stealth
  5933 | D:6      | Reached skill level 5 in Poison Magic
  6129 | D:6      | Reached XP level 8. HP: 36/36 MP: 5/17
  6276 | D:6      | Reached skill level 1 in Ranged Weapons
  7108 | D:6      | Reached skill level 5 in Dodging
  7108 | D:6      | Reached skill level 6 in Spellcasting
  8218 | D:7      | Reached XP level 9. HP: 39/39 MP: 4/20
  8458 | D:7      | Reached skill level 7 in Spellcasting
  9041 | D:8      | Found a glowing golden altar of the Shining One.
  9489 | D:8      | Found a shadowy altar of Dithmenos.
  9903 | D:8      | Reached skill level 5 in Air Magic
 10305 | D:8      | Found a broken altar of Ashenzari.
 10336 | D:8      | Found a sacrificial altar of Ru.
 10659 | D:9      | Reached skill level 8 in Spellcasting
 10778 | D:9      | Reached XP level 10. HP: 44/44 MP: 7/23
 11029 | D:9      | Found a staircase to the Orcish Mines.
 11162 | D:9      | Found a white marble altar of Elyvilon.
 11312 | D:9      | Noticed a two-headed ogre
 11345 | D:9      | Killed a two-headed ogre
 11500 | D:9      | Learned a level 5 spell: Iskenderun's Battlesphere
 11898 | D:9      | Found an ornate altar of the Wu Jian Council.
 11988 | D:10     | Entered Level 10 of the Dungeon
 12015 | D:10     | Reached skill level 9 in Spellcasting
 12075 | D:10     | Reached skill level 5 in Conjurations
 12295 | D:10     | Found a runed translucent door.
 12301 | D:10     | Found the +9 staff of Olgreb {rPois∞}
 12325 | D:10     | Found a runed translucent gate.
 12325 | D:10     | Found a runed translucent gate.
 12325 | D:10     | Noticed a wolf spider
 12326 | D:10     | Found a runed translucent door.
 12346 | D:10     | Reached skill level 1 in Earth Magic
 12350 | D:10     | Found a runed translucent gate.
 12352 | D:10     | Noticed Fannar
 12402 | D:10     | Killed Fannar
 12403 | D:10     | Reached XP level 11. HP: 23/47 MP: 11/25
 12746 | D:10     | Noticed a two-headed ogre
 12767 | D:10     | Killed a two-headed ogre
 12803 | D:10     | Found a staircase to the Lair.
 12897 | D:10     | Found a radiant altar of Vehumet.
 12910 | D:10     | Became a worshipper of Vehumet
 12963 | D:10     | Found a stormy altar of Qazlal.
 13222 | D:10     | Found a portal to a secret trove of treasure.
 13481 | Lair:1   | Entered Level 1 of the Lair of Beasts
 14393 | D:11     | Identified a scroll of acquirement
 14393 | D:11     | Acquired the amulet "Reel" {Spirit rElec rF- rC+}
 14812 | D:11     | Found a shimmering blue altar of Sif Muna.
 15318 | D:12     | Reached skill level 10 in Spellcasting
 15521 | D:12     | Learned a level 6 spell: Iron Shot
 15822 | Lair:1   | Reached skill level 5 in Ranged Weapons
 16105 | Lair:1   | Reached skill level 1 in Evocations
 16105 | Lair:1   | Reached * piety under Vehumet
 16105 | Lair:1   | Offered knowledge of Freeze by Vehumet.
 16911 | Lair:2   | Noticed a lindwurm
 16915 | Lair:2   | HP: 2/47 [lindwurm/blast of flame (45)]
 17196 | Lair:2   | Reached XP level 12. HP: 51/51 MP: 27/27
 17538 | Lair:2   | Learned a level 4 spell: Anguish
 17540 | Lair:2   | Identified the +1 ring mail of Vehumet's Scorn {rC+}
 17722 | Lair:2   | Found a staircase to the Snake Pit.
 18282 | Orc:1    | Entered Level 1 of the Orcish Mines
 18289 | Orc:1    | Offered knowledge of Shock by Vehumet.
 18290 | Orc:1    | Noticed Snorg
 18369 | D:9      | Killed Snorg
 18370 | D:9      | Reached skill level 10 in Stealth
 18471 | Orc:1    | Reached ** piety under Vehumet
 18742 | Orc:1    | Noticed Nergalle
 18818 | Orc:1    | Noticed Erolcha
 18885 | D:9      | Reached skill level 11 in Spellcasting
 19234 | D:9      | Killed Erolcha
 19242 | D:9      | Killed Nergalle
 19290 | Orc:1    | Found Sops's General Store.
 19759 | Orc:2    | Entered Level 2 of the Orcish Mines
 19763 | Orc:2    | Offered knowledge of Static Discharge by Vehumet.
 19834 | Orc:2    | Reached *** piety under Vehumet
 19859 | Orc:2    | Reached skill level 10 in Poison Magic
 19959 | Orc:2    | Found a staircase to the Elven Halls.
 20147 | Orc:2    | Reached skill level 5 in Earth Magic
 20175 | Orc:2    | Offered knowledge of Dazzling Flash by Vehumet.
 20184 | Orc:2    | Noticed a centaur warrior
 20204 | Orc:2    | Found a burning altar of Makhleb.
 20235 | Orc:2    | Killed a centaur warrior
 20424 | Orc:2    | Reached XP level 13. HP: 50/55 MP: 16/29
 20438 | Orc:2    | Reached **** piety under Vehumet
 20547 | Orc:2    | Offered knowledge of Hailstorm by Vehumet.
 20548 | Orc:2    | Reached skill level 1 in Hexes
 20643 | Orc:2    | Reached skill level 1 in Necromancy
 20821 | Orc:2    | Learned a level 3 spell: Hailstorm
 20845 | Orc:2    | Found Luraim's Assorted Antiques.
 20845 | Orc:2    | Found Iregie's Antique Weapon Shop.
 20847 | Orc:2    | Found Ziytawk's Magic Scroll Boutique.
 20849 | Orc:2    | Found Ichew's Weapon Emporium.
 21025 | Orc:2    | Bought a black potion for 19 gold pieces
 21225 | Orc:1    | Bought a ring of willpower for 375 gold pieces
 21380 | D:11     | HP: 2/55 [poisoned by a redback]
 21813 | D:10     | Paralysed by a hornet for 1 turns
 22351 | Lair:3   | Reached ***** piety under Vehumet
 22489 | Lair:3   | Offered knowledge of Sticky Flame by Vehumet.
 23071 | Lair:3   | Reached skill level 12 in Spellcasting
 23599 | Lair:3   | Identified the +6 broad axe of Gluttony {heavy, Fly Int+3}
 23643 | Lair:3   | Reached skill level 1 in Staves
 23949 | Lair:3   | HP: 1/55 [black mamba (9)]
 24589 | Lair:3   | Found a staircase to the Swamp.
 25063 | Lair:4   | Reached skill level 10 in Dodging
 25633 | Lair:4   | Reached XP level 14. HP: 59/59 MP: 31/31
 25869 | Lair:5   | Entered Level 5 of the Lair of Beasts
 26490 | Lair:4   | Learned a level 2 spell: Blink
 26836 | Lair:5   | Reached skill level 1 in Translocations
 27236 | Lair:5   | Found a runed translucent gate.
 27236 | Lair:5   | Found a runed translucent gate.
 27236 | Lair:5   | Found a runed translucent gate.
 27241 | Lair:5   | Reached skill level 1 in Axes
 27703 | Lair:5   | Found a staircase to the Slime Pits.
 28755 | Lair:5   | Noticed Vorhees's ghost (journeyman DgCj)
 28755 | Lair:5   | Noticed metricduck's ghost (journeyman MiBe)
 29064 | Snake:1  | Entered Level 1 of the Snake Pit
 29355 | Snake:1  | Killed from afar by a shock serpent

Illustrated notes

Levels and vault maps discovered:
D:1:      lemuel_arrival_muddy, layout_loops_ring
D:2:      layout_basic, grunt_decor_fettered, grunt_ministairs_6, minmay_vboxes
D:3:      layout_basic, mainiacjoe_overflow_divided_tiny, uniq_robin,
          uniq_terence
D:4:      layout_loops_cross, serial_bayou_pond_a, uniq_eustachio
D:5:      layout_loops_cross, minmay_temple_entry_arrows, serial_shops, shop,
          serial_glass, glass_columns_a, glass_columns_c, glass_columns_b,
          glass_columns_a, glass_columns_a, glass_columns_a, nrook_mini_vaults
D:6:      layout_gridville, lightli_ossuary_entry_decrepit_ruins
D:7:      layout_gridville, hangedman_decor_growths, minmay_fractal_squares_5
D:8:      layout_loops_ring, lemuel_round_altar, mainiacjoe_overflow_two_lobes,
          grunt_dithmenos_smoke_and_mirrors, kennysheep_small_spiral
D:9:      layout_basic, nzn_wu_jian_council_hall, elyvilon_altar_4, orc_david_3,
          minivault_24
D:10:     layout_big_octagon, nicolae_qazlal_style_of_elements,
          fiery_altar_vehumet, enter_trove_6, kennysheep_donut,
          minmay_guarded_unrand_staff_of_olgreb, uniq_fannar
D:11:     layout_layer_cave, led_sif_pool
D:12:     layout_loops_ring, serial_undead, serial_undead_e, serial_undead_a,
          serial_undead_a, serial_undead_a, minmay_misc_feat_tower, uniq_azrael
Temple:   hellmonk_temple_forest_ring
Lair:1:   layout_chaotic_city, dreamdust_gnoll_shepherd, grunt_megastairs_3
Lair:2:   layout_gridlike, guppyfry_snake_entry_island, nicolae_lair_lindhole,
          infiniplex_staircase_pool
Lair:3:   layout_chaotic_city, nicolae_swamp_entry_splash_gauntlet
Lair:4:   layout_cave_pods
Lair:5:   grunt_lair_end_beastmaster, layout_hall_layers,
          dpeg_slime_entry_corner, gammafunk_ghost_cemetery, dreamdust_wasp_nest
Snake:1:  layout_basic, uniq_mlioglotl
Orc:1:    layout_caves, serial_shops, nicolae_shop_advertising_works
          [nicolae_subvault_shop_adworks], uniq_snorg, uniq_erolcha,
          uniq_nergalle
Orc:2:    st_orc_rangers, layout_caves, basic_altar

Skill      XL: |  1  2  3  4  5  6  7  8  9 10 11 12 13 14 |
---------------+-------------------------------------------+-----
Transmutations | 2 3 4 |  4.0
Spellcasting   | 3 4 5 6 8 9 10 11 12 | 12.8
Dodging        | 3 4 5 6 7 8 9 10 | 10.5
Poison Magic   | 4 5 6 7 8 9 10 | 10.7
Stealth        | 4 5 6 7 8 9 10 11 | 11.9
Air Magic      | 1 2 3 4 5 6 7 8 |  8.1
Conjurations   | 1 2 3 4 5 6 7 |  7.9
Ranged Weapons | 2 3 4 5 6 7 |  7.1
Earth Magic    | 1 3 5 6 |  6.9
Evocations     | 2 3 |  3.0
Hexes          | 3 4 |  4.4
Necromancy     | 3 4 |  4.4
Staves         | 1 |  1.2
Translocations | 2 |  2.2
Axes           | 1 |  1.6

Action                     |  1- 3 |  4- 6 |  7- 9 | 10-12 | 13-15 || total
---------------------------+-------+-------+-------+-------+-------++-------
  Melee: Whip              |     1 |    10 |       |       |       ||    11
         Short sword       |       |     6 |       |       |       ||     6
         Staff             |       |       |       |       |    27 ||    27
   Fire: Sling             |       |    12 |    67 |   426 |   391 ||   896
   Cast: Sting             |    60 |    59 |    40 |    12 |    22 ||   193
         Poisonous Vapours |     4 |    58 |   129 |   195 |   151 ||   537
         Olgreb's Toxic Ra |       |       |    12 |    57 |    57 ||   126
         Iskenderun's Batt |       |       |       |     2 |     1 ||     3
         Mephitic Cloud    |       |       |       |     2 |       ||     2
         Hailstorm         |       |       |       |       |     7 ||     7
         Anguish           |       |       |       |       |     2 ||     2
         Iron Shot         |       |       |       |       |     1 ||     1
  Evoke: Wand              |       |       |       |     5 |     2 ||     7
    Use: Scroll            |       |     6 |    13 |     7 |     4 ||    30
         Potion            |       |       |       |     1 |     5 ||     6
 Armour: Robe              |     3 |     2 |       |       |       ||     5
         Steam dragon scal |       |       |     3 |    23 |    19 ||    45
  Dodge: Dodged            |     9 |    36 |    54 |   172 |   254 ||   525
  Block: Orb               |       |       |       |    44 |    46 ||    90
         Reflection        |       |       |       |    12 |     5 ||    17
         Other             |       |       |       |       |    12 ||    12
